 Dungeon Sprint DCSS version 0.30.0-30-g96aa6591b8 (webtiles) character file.

Game seed: 5926945503380044154

1020 ChadusMaximus the Fighter (level 8, -5/124 HPs)
             Began as a Minotaur Fighter on June 26, 2023.
             Slain by a demonic crawler (14 damage)
             ... in the Dungeon (Sprint I: "Red Sonja").
             The game lasted 00:00:34 (68 turns).

ChadusMaximus the Fighter (Minotaur Fighter)          Turns: 68, Time: 00:00:34

Health: -5/124     AC:  9    Str: 23    XL:     8   Next: 2%
Magic:  7/7        EV: 10    Int:  5    God:
Gold:   108        SH:  6    Dex: 10    Spells: 7/7 levels left

rFire   . . .        a - +0 war axe
rCold   . . .        c - +0 buckler
rNeg    . . .        b - +0 scale mail
rPois   .            (helmet restricted)
rElec   .            (no cloak)
rCorr   .            (no gloves)
SInv    .            (no boots)
Will    .....        (no amulet) Stlth
                     (no ring)
HPRegen 0.40/turn    (no ring)
MPRegen 0.10/turn

%: no teleportation
@: berserking, very quick
A: horns 2, retaliatory headbutt
a: no special abilities


You were in the Dungeon.
You visited 1 branch You collected 108 gold pieces.

Inventory:

Hand Weapons
 a - a +0 war axe (weapon)
Armour
 b - a +0 scale mail (worn)
 c - a +0 buckler (worn)
Wands
 d - a wand of paralysis (11)
Scrolls
 j - a scroll of blinking
Potions
 e - a potion of curing
 f - a potion of heal wounds
 g - a potion of haste
 h - 2 potions of magic


   Skills:
 + Level 12.1 Fighting
 + Level 9.1 Axes
 + Level 11.3 Armour
 + Level 1.0 Dodging
 + Level 11.2 Shields


You had 7 spell levels left.
You didn't know any spells.
Your spell library was empty.

Dungeon Overview and Level Annotations

Branches:
Dungeon (1/1)

Altars:
Makhleb
Xom
Jiyva
Lugonu


Innate Abilities, Weirdness & Mutations

You have a pair of horns on your head.
You reflexively headbutt those who attack you in melee.


Message History

You feel a little less mighty now.
Things that are here:
a +0 dagger; a +0 robe; a kobold corpse As you open the door, it creaks loudly! 4 demonic crawlers come into view.
The demonic crawler gives a hideous shriek! x3
The demonic crawler hits you! x2
The demonic crawler hits you but does no damage.
A red film seems to cover your vision as you go berserk!
You feel yourself moving faster!
You feel mighty! The demonic crawler hits you!
The demonic crawler hits you but does no damage. x2
You hit the demonic crawler. You headbutt the demonic crawler.
The demonic crawler is lightly wounded.
You hit the demonic crawler.
The demonic crawler is lightly wounded.
You hit the demonic crawler. You block the demonic crawler's attack.
The demonic crawler hits you! The demonic crawler misses you.
The demonic crawler hits you!
* * * LOW HITPOINT WARNING * * *
The demonic crawler barely misses you. You block the demonic crawler's attack.
You hit the demonic crawler.
Your headbutt misses the demonic crawler.
The demonic crawler is lightly wounded.
You hit the demonic crawler. You slash the demonic crawler!
The demonic crawler is lightly wounded.
You slash the demonic crawler! The demonic crawler hits you!
* * * LOW HITPOINT WARNING * * *
You block the demonic crawler's attack.
The demonic crawler hits you but does no damage.
The demonic crawler hits you.
* * * LOW HITPOINT WARNING * * *
The demonic crawler hits you but does no damage.
The demonic crawler hits you!
* * * LOW HITPOINT WARNING * * *
You slice the demonic crawler!!
The demonic crawler is moderately wounded.
You slash the demonic crawler! The demonic crawler closely misses you.
You block the demonic crawler's attack. The demonic crawler hits you!
You die...

##################
.#..'..#__#$.')..#
.').#$$'..'.$#).s##+#
'#####+#__####..@ss.#
$# #### #####s.+ ##
##


You could see 4 demonic crawlers.

Vanquished Creatures
  2 kobold demonologists (D)
  A slime creature (D)
  Sigmund (D)
  A floating eye (D)
  An ogre (D)
  Ijyb (D)
7 creatures vanquished.

Notes
Turn   | Place    | Note
-------+----------+-------------------------------------------
     0 | D        | ChadusMaximus the Minotaur Fighter began the quest for the
                  | Orb.
     0 | D        | Reached XP level 1. HP: 19/19 MP: 0/0
     2 | D        | Noticed Ijyb
     5 | D        | Paralysed by Ijyb for 4 turns
     9 | D        | Killed Ijyb
    10 | D        | Reached skill level 5 in Fighting
    10 | D        | Reached skill level 5 in Armour
    10 | D        | Reached skill level 5 in Shields
    10 | D        | Reached XP level 2. HP: 29/29 MP: 1/1
    14 | D        | Noticed an ogre
    16 | D        | Killed an ogre
    17 | D        | Reached skill level 7 in Fighting
    17 | D        | Reached XP level 3. HP: 35/39 MP: 2/2
    17 | D        | Reached XP level 4. HP: 43/47 MP: 3/3
    20 | D        | Noticed Sigmund
    23 | D        | Killed Sigmund
    24 | D        | Reached skill level 9 in Fighting
    24 | D        | Reached skill level 5 in Axes
    24 | D        | Reached XP level 5. HP: 54/57 MP: 4/4
    24 | D        | Reached XP level 6. HP: 60/63 MP: 5/5
    32 | D        | Found a burning altar of Makhleb.
    32 | D        | Found a shimmering altar of Xom.
    32 | D        | Noticed a slime creature
    33 | D        | Found a viscous altar of Jiyva.
    33 | D        | Found a corrupted altar of Lugonu.
    36 | D        | Killed a slime creature
    37 | D        | Reached skill level 10 in Fighting
    45 | D        | Noticed a kobold demonologist
    45 | D        | Noticed a floating eye
    45 | D        | Noticed a kobold demonologist
    47 | D        | Killed a floating eye
    48 | D        | Reached skill level 10 in Armour
    48 | D        | Reached skill level 10 in Shields
    48 | D        | Reached XP level 7. HP: 56/73 MP: 6/6
    54 | D        | Noticed a chaos spawn
    54 | D        | Killed a kobold demonologist
    55 | D        | Reached skill level 11 in Fighting
    58 | D        | Killed a kobold demonologist
    59 | D        | Reached skill level 12 in Fighting
    59 | D        | Reached skill level 1 in Dodging
    59 | D        | Reached XP level 8. HP: 60/83 MP: 7/7
    62 | D        | Noticed a demonic crawler
    62 | D        | Noticed a demonic crawler
    62 | D        | Noticed a demonic crawler
    62 | D        | Noticed a demonic crawler
    68 | D        | Slain by a demonic crawler

Illustrated notes

Levels and vault maps discovered:
D:        dungeon_sprint_1 [red_sonja_temple_1, red_sonja_temple_small_1]

Skill      XL: |  1  2  3  4  5  6  7 |
---------------+----------------------+-----
Fighting       | 5 7 9 10 12 | 12.1
Axes           | 3 5 7 9 |  9.1
Armour         | 5 7 8 10 11 | 11.3
Shields        | 5 7 8 10 11 | 11.2
Dodging        | 1 |  1.0

Action                     |  1- 3 |  4- 6 |  7- 9 || total
---------------------------+-------+-------+-------++-------
  Melee: War axe           |     5 |     6 |    16 ||    27
         Headbutt          |     2 |     3 |     2 ||     7
    Use: Potion            |     1 |       |     1 ||     2
 Armour: Scale mail        |     2 |     3 |    17 ||    22
  Dodge: Dodged            |     1 |     1 |    13 ||    15
  Block: Buckler           |       |       |     8 ||     8
